 Dungeon Crawl Stone Soup version 0.26.0-45-g9c1d065592 (webtiles) character file.

Game seed: 13189785325260931680

1409 kaeus the Stinger (level 8, -2/58 HPs)
             Began as a Gnoll Venom Mage on Jan 30, 2021.
             Slain by Menkaure (14 damage)
             ... on level 5 of the Dungeon.
             The game lasted 00:09:28 (5847 turns).

kaeus the Stinger (Gnoll Venom Mage)                Turns: 5847, Time: 00:09:28

Health: -2/58      AC: 13    Str: 14    XL:     8   Next: 70%
Magic:  10/17      EV: 16    Int: 19    God:
Gold:   256        SH:  0    Dex: 16    Spells: 8/19 levels left

rFire    . . .     SeeInvis .   A - +3 dagger (speed)
rCold    . . .     Faith    .   (no shield)
rNeg     . . .     Spirit   .   y - +2 robe {Archmagi}
rPois    .         Reflect  .   (no helmet)
rElec    .         Harm     .   e - +0 cloak
rCorr    .         Rampage  .   t - +2 pair of gloves {Str+3}
Will     .....                  w - +0 pair of boots
Stlth    +++.......             (no amulet)
HPRegen  0.19/turn              k - ring of wizardry
MPRegen  0.15/turn              l - +4 ring of protection

@: no status effects
A: distributed training, fangs 1, strong nose
a: no special abilities


You were on level 5 of the Dungeon.
You visited 1 branch of the dungeon, and saw 5 of its levels.
You also visited: Sewer.

You collected 256 gold pieces.

Inventory:

Hand Weapons
 A - a +3 dagger of speed (weapon)
Armour
 e - a +0 cloak (worn)
 t - a +2 pair of gloves of strength (worn)
 w - a +0 pair of boots (worn)
 y - a +2 robe of the Archmagi (worn)
Jewellery
 k - a ring of wizardry (left hand)
 l - a +4 ring of protection (right hand)
Wands
 a - a wand of flame (27)
Scrolls
 f - 4 scrolls of teleportation
 g - 2 scrolls of fear
 i - 4 scrolls of magic mapping
 p - a scroll of identify
 q - 4 scrolls of remove curse
Potions
 b - 2 potions of curing
 c - a potion of cancellation
 d - a potion of might {unknown}
 h - 2 potions of attraction {unknown}
 j - a potion of heal wounds {unknown}
 m - 2 potions of mutation {unknown}
 n - 2 potions of lignification {unknown}
 o - a potion of magic {unknown}
 v - a potion of invisibility {unknown}
 x - 3 potions of flight {unknown}


   Skills:
 + Level 3.5 Fighting
 + Level 3.5 Short Blades
 + Level 3.5 Long Blades
 + Level 3.5 Axes
 + Level 3.5 Maces & Flails
 + Level 3.5 Polearms
 + Level 3.5 Staves
 + Level 3.5 Slings
 + Level 3.5 Bows
 + Level 3.5 Crossbows
 + Level 3.5 Throwing
 + Level 3.5 Armour
 + Level 5.8 Dodging
 + Level 5.5 Stealth
 + Level 3.5 Shields
 + Level 3.5 Unarmed Combat
 + Level 6.1 Spellcasting
 + Level 2.8 Conjurations
 + Level 2.8 Hexes
 + Level 2.8 Summonings
 + Level 2.8 Necromancy
 + Level 2.8 Translocations
 + Level 3.6 Transmutations
 + Level 2.8 Fire Magic
 + Level 2.8 Ice Magic
 + Level 2.8 Air Magic
 + Level 2.8 Earth Magic
 + Level 6.2 Poison Magic
 + Level 3.8 Invocations
 + Level 3.5 Evocations


You had 8 spell levels left.
You knew the following spells:

 Your Spells              Type           Power        Failure   Level
a - Sting                 Tmut/Pois      100%         1%          1
b - Olgreb's Toxic Radia  Pois           44%          3%          4
c - Ignite Poison         Fire/Tmut/Pois 33%          2%          3
d - Mephitic Cloud        Conj/Pois/Air  31%          2%          3

Your spell library contained the following spells:

 Spells                   Type           Power        Failure   Level
 Poisonous Vapours        Pois/Air       68%          1%          2


Dungeon Overview and Level Annotations

Branches:
Dungeon (5/15)              Sewer (visited)
 Temple: D:4-7

Altars:
Cheibriados
Qazlal
Ru

Annotations:
D:5 Menkaure


Innate Abilities, Weirdness & Mutations

Your experience applies equally to all skills.
You have very sharp teeth.
Your uncanny sense of smell can sniff out nearby items.


Message History

You take 13 damage, and have 17/58 hp.
MASSIVE DAMAGE!!
You are too injured to fight recklessly!
Menkaure is nearby!
Casting: Sting (safe; 1% risk of failure)
Confirm with . or Enter, or press ? or * to list all spells.
You feel a surge of power!
You begin to radiate toxic energy.
Menkaure gestures at you while chanting.
Pain shoots through your body!
* * * LOW HITPOINT WARNING * * *
You take 14 damage, and have 3/58 hp.
MASSIVE DAMAGE!!
You now have 9/17 mp.
You hit Menkaure. You punch Menkaure, but do no damage.
You bite Menkaure, but do no damage.
Menkaure is severely damaged.
Menkaure hits you.
* * * LOW HITPOINT WARNING * * *
You take 1 damage, and have 2/58 hp.
It was a potion of curing.
You feel better.
Your toxic aura wanes.
Menkaure hits you!
You die...

### #..
#.#####
#..M..# #.@#
###########..#
∆
#............#
#.########...#
#.......# ∆
#<###.### #.#
#.# #.# #.#
..# #.#


You could see Menkaure (fast).

Vanquished Creatures
  Pikel (D:4)
  Purgy (Sewer)
  Duvessa (D:4)
  A sky beast (D:4)
  A lemure (D:4)
  Dowan (D:4)
  A howler monkey (D:4)
  A hound (D:4)
  5 orc priests (D:4)
  A bullfrog skeleton (D:4)
  Terence (D:2)
  3 orc wizards (D:4)
  A worker ant (D:4)
  4 gnolls
  4 adders
  5 river rats (D:4)
  An adder skeleton (D:4)
  6 worms
  4 dart slugs
  2 leopard geckos
  14 orcs
  4 giant cockroaches
  10 hobgoblins
  2 jackals (Sewer)
  A quokka (D:2)
  2 ball pythons
  7 bats
  10 frilled lizards
  5 goblins
  11 kobolds
  7 rats
118 creatures vanquished.

Notes
Turn   | Place    | Note
-------+----------+-------------------------------------------
     0 | D:1      | kaeus the Gnoll Venom Mage began the quest for the Orb.
     0 | D:1      | Reached XP level 1. HP: 13/13 MP: 6/6
   211 | D:1      | Reached XP level 2. HP: 10/19 MP: 0/7
  1266 | D:2      | Reached XP level 3. HP: 25/25 MP: 6/9
  1274 | D:2      | Reached skill level 5 in Spellcasting
  1398 | D:2      | Reached skill level 1 in Invocations
  1696 | D:1      | Reached skill level 1 in Fighting
  1696 | D:1      | Reached skill level 1 in Short Blades
  1696 | D:1      | Reached skill level 1 in Long Blades
  1696 | D:1      | Reached skill level 1 in Axes
  1696 | D:1      | Reached skill level 1 in Maces & Flails
  1696 | D:1      | Reached skill level 1 in Polearms
  1696 | D:1      | Reached skill level 1 in Staves
  1696 | D:1      | Reached skill level 1 in Slings
  1696 | D:1      | Reached skill level 1 in Bows
  1696 | D:1      | Reached skill level 1 in Crossbows
  1696 | D:1      | Reached skill level 1 in Throwing
  1696 | D:1      | Reached skill level 1 in Armour
  1696 | D:1      | Reached skill level 1 in Shields
  1696 | D:1      | Reached skill level 1 in Unarmed Combat
  1696 | D:1      | Reached skill level 1 in Evocations
  2068 | D:1      | Reached XP level 4. HP: 30/32 MP: 7/11
  2487 | D:2      | Reached skill level 1 in Conjurations
  2487 | D:2      | Reached skill level 1 in Hexes
  2487 | D:2      | Reached skill level 1 in Summonings
  2487 | D:2      | Reached skill level 1 in Necromancy
  2487 | D:2      | Reached skill level 1 in Translocations
  2487 | D:2      | Reached skill level 1 in Fire Magic
  2487 | D:2      | Reached skill level 1 in Ice Magic
  2487 | D:2      | Reached skill level 1 in Air Magic
  2487 | D:2      | Reached skill level 1 in Earth Magic
  2801 | D:2      | Noticed Terence
  2817 | D:2      | Killed Terence
  2818 | D:2      | Reached XP level 5. HP: 26/37 MP: 6/12
  3103 | D:3      | Found a sacrificial altar of Ru.
  3106 | D:3      | Found a stormy altar of Qazlal.
  3252 | D:3      | Found a snail-covered altar of Cheibriados.
  3571 | D:3      | Learned a level 4 spell: Olgreb's Toxic Radiance
  3575 | D:3      | Learned a level 3 spell: Ignite Poison
  3579 | D:3      | Learned a level 3 spell: Mephitic Cloud
  3719 | D:4      | Reached XP level 6. HP: 31/44 MP: 0/13
  3729 | D:4      | Reached skill level 5 in Dodging
  3757 | D:4      | Noticed Pikel
  3758 | D:4      | Noticed a sky beast
  3769 | D:4      | Killed a sky beast
  3769 | D:4      | Killed Pikel
  3770 | D:4      | Reached skill level 5 in Stealth
  3770 | D:4      | Reached XP level 7. HP: 5/51 MP: 0/15
  3770 | D:4      | Reached XP level 8. HP: 6/57 MP: 0/16
  3913 | D:4      | Found a glowing drain.
  3933 | Sewer    | Entered a sewer
  4366 | Sewer    | Noticed Purgy
  4377 | Sewer    | Killed Purgy
  4810 | D:4      | Noticed Dowan
  4811 | D:4      | Noticed Duvessa
  4831 | D:4      | Killed Duvessa
  4833 | D:4      | Killed Dowan
  5825 | D:5      | Entered Level 5 of the Dungeon
  5839 | D:5      | Noticed Menkaure
  5846 | D:5      | HP: 2/58 [Menkaure (1)]
  5847 | D:5      | Slain by Menkaure

Illustrated notes

Levels and vault maps discovered:
D:1:      psy_arrival_fountain, layout_loops_ring
D:2:      layout_basic, uniq_terence
D:3:      layout_rooms, minitemple, serial_glass, glass_columns_a,
          glass_columns_b, kennysheep_slug_shrine
D:4:      layout_basic, lightli_sewer_entry_pipes, uniq_duvessa, uniq_pikel
D:5:      layout_loops_ring, kennysheep_mini, uniq_eustachio,
          uniq_crazy_yiuf_cottage, uniq_menkaure, uniq_sigmund

Skill      XL: |  1  2  3  4  5  6  7  8 |
---------------+-------------------------+-----
Transmutations | 2 3 |  3.6
Spellcasting   | 5 6 |  6.1
Invocations    | 1 2 3 |  3.8
Fighting       | 1 2 3 |  3.5
Short Blades   | 1 2 3 |  3.5
Long Blades    | 1 2 3 |  3.5
Axes           | 1 2 3 |  3.5
Maces & Flails | 1 2 3 |  3.5
Polearms       | 1 2 3 |  3.5
Staves         | 1 2 3 |  3.5
Slings         | 1 2 3 |  3.5
Bows           | 1 2 3 |  3.5
Crossbows      | 1 2 3 |  3.5
Throwing       | 1 2 3 |  3.5
Armour         | 1 2 3 |  3.5
Shields        | 1 2 3 |  3.5
Unarmed Combat | 1 2 3 |  3.5
Evocations     | 1 2 3 |  3.5
Conjurations   | 1 2 |  2.8
Hexes          | 1 2 |  2.8
Summonings     | 1 2 |  2.8
Necromancy     | 1 2 |  2.8
Translocations | 1 2 |  2.8
Fire Magic     | 1 2 |  2.8
Ice Magic      | 1 2 |  2.8
Air Magic      | 1 2 |  2.8
Earth Magic    | 1 2 |  2.8
Dodging        | 5 |  5.8
Stealth        | 5 |  5.5
Poison Magic   | 6 |  6.2

Action                   |  1- 3 |  4- 6 |  7- 9 || total
-------------------------+-------+-------+-------++-------
Melee: Unarmed           |     3 |       |       ||     3
       Dagger            |    51 |   106 |    80 ||   237
       Bite              |     1 |    16 |    14 ||    31
       Punch             |       |       |     3 ||     3
 Cast: Sting             |    34 |    43 |    28 ||   105
       Olgreb's Toxic Ra |       |     3 |    16 ||    19
       Ignite Poison     |       |     1 |     2 ||     3
  Use: Scroll            |       |     2 |    10 ||    12
       Potion            |       |       |     1 ||     1
 Stab: Sleeping          |     2 |       |       ||     2
       Distracted        |       |     1 |       ||     1
Armor: Robe              |    10 |     5 |     1 ||    16
       Ring mail         |       |    21 |    37 ||    58
       Skin              |       |       |     1 ||     1
Dodge: Dodged            |    54 |    97 |    85 ||   236
